 Dungeon Crawl Stone Soup version 0.27.1-4-g1640c2035a (webtiles) character file.

Game seed: 18175716515163383200

215 GameOver the Conjurer (level 5, -21/42 HPs)
             Began as a Naga Hedge Wizard on Nov 4, 2021.
             Demolished by an ogre (34 damage)
             ... on level 4 of the Dungeon.
             The game lasted 00:11:06 (2352 turns).

GameOver the Conjurer (Naga Hedge Wizard)           Turns: 2352, Time: 00:11:07

Health: -21/42     AC:  2    Str: 12    XL:     5   Next: 92%
Magic:  2/9        EV: 10    Int: 15    God:
Gold:   131        SH:  0    Dex: 17    Spells: 3/10 levels left

rFire    . . .     SeeInvis +   a - +0 short sword
rCold    . . .     Faith    .   (no shield)
rNeg     . . .     Spirit   .   b - +0 robe
rPois    +         Reflect  .   c - +0 hat
rElec    .         Harm     .   (no cloak)
rCorr    .         Rampage  .   (no gloves)
Will     .....                  (no barding)
Stlth    ++........             (no amulet)
HPRegen  0.14/turn              g - +6 ring of dexterity
MPRegen  0.11/turn              (no ring)

@: very slightly contaminated, very slow
A: AC +1, large, see invisible, deformed body, poison resistance, slowness 2,
spit poison 1, naga tail 1
a: Spit Poison


You were on level 4 of the Dungeon.
You visited 1 branch of the dungeon, and saw 4 of its levels.

You collected 131 gold pieces.

Inventory:

Hand Weapons
 a - a +0 short sword (weapon)
 h - a +2 flail of draining
Armour
 b - a +0 robe (worn)
 c - a +0 hat (worn)
Jewellery
 g - a +6 ring of dexterity (left hand)
Scrolls
 f - 3 scrolls of teleportation {unknown}
 j - 4 scrolls of identify {unknown}
 l - a scroll of magic mapping {unknown}
 o - a scroll of enchant armour {unknown}
Potions
 d - a potion of brilliance {unknown}
 e - a potion of invisibility {unknown}
 i - a potion of cancellation {unknown}
 k - a potion of curing {unknown}
 m - a potion of heal wounds {unknown}
 n - a potion of mutation {unknown}


   Skills:
 - Level 1.5 Dodging
 - Level 3.0 Stealth
 - Level 3.0 Spellcasting
 * Level 5.4 Conjurations
 - Level 1.0 Summonings
 - Level 1.0 Translocations
 + Level 1.7 Poison Magic


You had 3 spell levels left.
You knew the following spells:

 Your Spells              Type           Power      Damage    Failure   Level
a - Magic Dart            Conj           72%        1d6       2%          1
b - Blink                 Tloc           N/A        N/A       21%         2
d - Mephitic Cloud        Conj/Pois/Air  9%         N/A       22%         3
z - Apportation           Tloc           10%        N/A       13%         1

Your spell library contained the following spells:

 Spells                   Type           Power      Damage    Failure   Level
 Corona                   Hex            2%         N/A       21%         1
 Call Imp                 Summ           5%         N/A       21%         2
 Conjure Flame            Conj/Fire      10%        6-21      21%         3
 Ensorcelled Hibernation  Hex/Ice        4%         N/A       30%         2
 Slow                     Hex            2%         N/A       30%         2
 Sublimation of Blood     Necr           1%         N/A       30%         2
 Wereblood                Tmut           2%         N/A       30%         2
 Gell's Gravitas          Tloc           2%         N/A       36%         3
 Teleport Other           Tloc           5%         N/A       36%         3
 Tukima's Dance           Hex            2%         N/A       52%         3
 Alistair's Intoxication  Tmut/Pois      2%         N/A       98%         5
 Dispersal                Tloc           2%         N/A       100%        6
 Invisibility             Hex            1%         N/A       100%        6
 Summon Hydra             Summ           2%         N/A       100%        7


Dungeon Overview and Level Annotations

Branches:
Dungeon (4/15)
 Temple: D:4-7

Altars:

Shops:
D:1 *   D:2 [

Annotations:
D:4 Sigmund


Innate Abilities, Weirdness & Mutations

Your serpentine skin is tough. (AC +1)
You have supernaturally acute eyesight. (SInv)
Armour fits poorly on your strangely shaped body.
Your system is resistant to poisons. (rPois)
You cover ground very slowly.
You can spit poison.
You have a snake-like lower body.


Message History

The magic dart hits the ogre.
The ogre is lightly wounded.
The ogre shouts!
Press: ? - help, Shift-Dir - straight line, f - you, p - ogre
Okay, then.
The magic dart hits the ogre.
The ogre is moderately wounded.
Press: ? - help, Shift-Dir - straight line, f/p - ogre
Aim: an ogre, wielding a +0 giant spiked club (moderately wounded)
The splash of poison misses the ogre.
You have got your breath back.
Press: ? - help, Shift-Dir - straight line, f/p - ogre
Aim: an ogre, wielding a +0 giant spiked club (moderately wounded)
The splash of poison hits the ogre!
The ogre is heavily wounded.
Casting: Magic Dart (safe; 2% risk of failure)
Confirm with . or Enter, or press ? or * to list all spells.
The spell is quite dangerous to cast (22% risk of failure)!
Continue anyway?
Aiming: Mephitic Cloud (quite dangerous; 22% risk of failure)
Press: ? - help, Shift-Dir - straight line, f/p - ogre
Aim: an ogre, wielding a +0 giant spiked club (heavily wounded, chance to affect: 77%)
You miscast Mephitic Cloud.
You are very lightly contaminated with residual magic.
Nothing appears to happen.
The ogre hits you with a +0 giant spiked club!
Unknown command.
Casting: Mephitic Cloud (quite dangerous; 22% risk of failure)
Confirm with . or Enter, or press ? or * to list all spells.
The spell is quite dangerous to cast (22% risk of failure)!
Continue anyway?
Aiming: Mephitic Cloud (quite dangerous; 22% risk of failure)
Press: ? - help, Shift-Dir - straight line, f/p - ogre
Aim: an ogre, wielding a +0 giant spiked club (heavily wounded, chance to affect: 77%)
You miscast Mephitic Cloud.
Nothing appears to happen.
Unknown command.
The ogre hits you with a +0 giant spiked club!
* * * LOW HITPOINT WARNING * * *
You have got your breath back.
The ogre hits you with a +0 giant spiked club!!
Ouch! That really hurt!
You die...

#.......###..#.........###...
#.......#.............## ...
#.......#[.....†..#.#.### #.#
##.#.####...........#...###.#
######.#..###...>......####..##.#
...[##......#..........# ##....#
....###..........<)....### ###..#
....##...###.............######.#
.......†.###...O@...............#
....####..##.#####.###...........
....##.......# #.# #..........#
....##.......# #.###.###.#.....
.............# #...#.# #.#.....
....##.......# ###...###.#.....
....##......... ###...........
######.........# ##.†##.#.....
#..........# #....#...###.


You could see an ogre.

Vanquished Creatures
  A water moccasin skeleton (D:3)
  2 hounds (D:4)
  5 adders
  An ufetubus (D:4)
  4 dart slugs
  2 orcs (D:3)
  4 endoplasms
  3 giant cockroaches
  6 goblins
  3 hobgoblins
  7 kobolds
  2 quokkas
  2 ball pythons
  3 bats
  6 frilled lizards
  3 rats
54 creatures vanquished.

Notes
Turn   | Place    | Note
-------+----------+-------------------------------------------
     0 | D:1      | GameOver the Naga Hedge Wizard began the quest for the Orb.
     0 | D:1      | Reached XP level 1. HP: 15/15 MP: 4/4
    41 | D:1      | Found Miezoma Iria's General Store.
   197 | D:1      | Reached skill level 2 in Conjurations
   197 | D:1      | Reached XP level 2. HP: 22/22 MP: 6/6
   610 | D:2      | Found a faded altar of an unknown god.
   710 | D:2      | Reached skill level 3 in Conjurations
   710 | D:2      | Reached XP level 3. HP: 18/28 MP: 3/7
   713 | D:2      | Learned a level 2 spell: Blink
   717 | D:2      | Learned a level 3 spell: Mephitic Cloud
   928 | D:2      | Reached XP level 4. HP: 23/36 MP: 5/8
  1256 | D:2      | Found Qustis's Antique Armour Shoppe.
  1398 | D:3      | Learned a level 1 spell: Apportation
  1426 | D:3      | Reached skill level 4 in Conjurations
  1594 | D:3      | Reached XP level 5. HP: 40/42 MP: 9/9
  2175 | D:4      | Noticed Sigmund
  2196 | D:4      | Reached skill level 5 in Conjurations
  2263 | D:4      | Reached skill level 1 in Poison Magic
  2329 | D:4      | Identified the +1 leather armour of Asceticism {Rampage rC-
                  | rCorr Stlth+}
  2339 | D:4      | Noticed an ogre
  2352 | D:4      | Demolished by an ogre

Illustrated notes

Levels and vault maps discovered:
D:1:      evilmike_arrival_plus, layout_basic, serial_shops,
          nicolae_shop_temple_entry_statues_fountains, chequers_avenue
D:2:      layout_loops_ring, serial_shops, nicolae_shop_window_shopping,
          basic_ecumenical_altar
D:3:      layout_basic
D:4:      layout_rooms, uniq_natasha, uniq_sigmund

Skill      XL: |  1  2  3  4  5 |
---------------+----------------+-----
Conjurations   | 2 3 4 5 |  5.4
Poison Magic   | 1 |  1.7
Dodging        | |  1.5
Stealth        | |  3.0
Spellcasting   | |  3.0
Summonings     | |  1.0
Translocations | |  1.0

Action                   |  1- 3 |  4- 6 || total
-------------------------+-------+-------++-------
Melee: Short sword       |     1 |     5 ||     6
       Flail             |    10 |       ||    10
 Cast: Magic Dart        |    32 |    58 ||    90
 Abil: Spit Poison       |    26 |    20 ||    46
 Stab: Sleeping          |     1 |       ||     1
Armor: Robe              |     3 |     2 ||     5
Dodge: Dodged            |     8 |    12 ||    20
